 Dungeon Crawl Stone Soup version 0.32-a0-938-g40ac7a0f4d (webtiles) character file.

Game seed: 13844110415471683707

205 javelincjr the Trooper (level 5, 0/48 HPs)
             Began as a Minotaur Berserker on Apr 15, 2024.
             Was a Believer of Trog.
             Slain by an orc wizard
             ... wielding a +0 dagger
              (3 damage)
             ... on level 4 of the Dungeon.
             The game lasted 00:05:36 (2235 turns).

javelincjr the Trooper (Minotaur Berserker)         Turns: 2235, Time: 00:05:37

Health: 0/48       AC:  2    Str: 23    XL:     5   Next: 52%
Magic:  4/4        EV: 11    Int:  4    God:    Trog [**....]
Gold:   143        SH:  0    Dex: 10    Spells: 4/4 levels left

rFire   . . .        a - +0 hand axe
rCold   . . .        s - orb {*Rage}
rNeg    . . .        b - +0 animal skin
rPois   .            (helmet restricted)
rElec   .            (no cloak)
rCorr   .            (no gloves)
SInv    .            (no boots)
Will    .....        r - amulet of regeneration
Stlth   +            (no ring)
HPRegen 1.08/turn    (no ring)
MPRegen 0.09/turn

%: random rage (20%)
@: confused, on berserk cooldown, slowed, very slow
A: horns 2, retaliatory headbutt
a: Renounce Religion, Berserk, Trog's Hand


You were on level 4 of the Dungeon.
You worshipped Trog.
Trog was pleased with you.
You visited 1 branch of the dungeon, and saw 4 of its levels.

You collected 143 gold pieces.

Inventory:

Hand Weapons
 a - a +0 hand axe (weapon)
Missiles
 i - 4 poisoned darts (quivered)
 v - 6 stones
Armour
 b - a +0 animal skin (worn)
 s - an orb of wrath (worn)
 w - a +0 leather armour
Jewellery
 r - an amulet of regeneration (around neck)
Scrolls
 c - a scroll of fear {unknown}
 h - a scroll of immolation {unknown}
 j - 2 scrolls of poison {unknown}
 k - 2 scrolls of identify
 l - a scroll of teleportation {unknown}
 n - a scroll of blinking {unknown}
 o - a scroll of silence {unknown}
 p - a scroll of noise {unknown}
 t - a scroll of revelation {unknown}
Potions
 d - a potion of haste {unknown}
 e - a potion of curing {unknown}
 f - a potion of attraction {unknown}
 g - a potion of mutation {unknown}
 m - a potion of brilliance {unknown}
 q - a potion of lignification {unknown}
 u - 2 potions of heal wounds


   Skills:
 * Level 5.5 Fighting
 + Level 4.6 Axes
 + Level 3.7 Armour
 + Level 3.4 Dodging


You had 4 spell levels left.
You didn't know any spells.
Your spell library was empty.

Dungeon Overview and Level Annotations

Branches:
Dungeon (4/15)
 Temple: D:4-7

Altars:

Shops:
D:1 [   D:4 [

Portals:
Sewer: D:4


Innate Abilities, Weirdness & Mutations

You have a pair of horns on your head.
You reflexively headbutt those who attack you in melee.


Message History

You hit the gnoll. Your headbutt misses the gnoll.
The gnoll is lightly wounded.
You slash the orc wizard!
You kill the orc wizard!
Trog accepts your kill.
Trog appreciates your killing of a magic user.
You feel sick.
You are no longer poisoned.
A ribbon worm comes into view.
The gnoll hits you but does no damage. The gnoll barely misses you.
You hear some strange, mumbled words.
You are more confused.
The quokka barely misses you.
You bump into the rock wall.
The gnoll hits you with a +0 whip.
The gnoll hits you from afar with a +0 spear.
* * * LOW HITPOINT WARNING * * *
The quokka completely misses you. The gnoll barely misses you.
The gnoll hits you from afar with a +0 spear.
* * * LOW HITPOINT WARNING * * *
The quokka bites you.
* * * LOW HITPOINT WARNING * * *
You slash the gnoll! Your headbutt misses the gnoll.
The gnoll is severely wounded.
You closely miss something. You barely miss the quokka.
You hear the slow rusting of a drain very nearby.
The kobold throws a stone.
The quokka barely misses you.
The gnoll barely misses you. x2; Something hits you.
* * * LOW HITPOINT WARNING * * *
The quokka barely misses you. The gnoll barely misses you.
You hit the gnoll.
You kill the gnoll!
Trog accepts your kill.
You miss the quokka. You hit something. The gnoll hits you but does no damage.
Something hits you.
* * * LOW HITPOINT WARNING * * *
The quokka barely misses you.
The gnoll hits you from afar with a +0 spear.
* * * LOW HITPOINT WARNING * * *
Something hits you.
You die...

#.~~~~~~~~...
#.#~~~~~~~#..
#...~~~~~....
.####..#..~#..#
$.......w.....##
........†)......
#.....†.og......
#####.o)####.## #Kr@#
##...### #......#
#....#.# #.#.##.#
#####.#.##.#
#.......##.#####.#
#.................
#####.......###.##.#..


You could see a ribbon worm, a gnoll, 2 orcs, a quokka and a kobold.

Vanquished Creatures
  A bombardier beetle (D:3)
  2 orc wizards (D:4)
  2 gnolls (D:4)
  4 adders
  A dart slug (D:1)
  A ribbon worm (D:4)
  10 orcs
  4 bats
  2 endoplasms
  A giant cockroach (D:3)
  2 goblins
  6 hobgoblins
  7 jackals
  5 kobolds (D:1)
  2 quokkas
  5 ball pythons
  3 frilled lizards
  8 rats
66 creatures vanquished.

Notes
Turn   | Place    | Note
-------+----------+-------------------------------------------
     0 | D:1      | javelincjr the Minotaur Berserker began the quest for the
                  | Orb.
     0 | D:1      | Reached XP level 1. HP: 19/19 MP: 0/0
    83 | D:1      | Found Niyborch's Antique Armour Emporium.
   146 | D:1      | Reached XP level 2. HP: 21/27 MP: 1/1
   147 | D:1      | Reached skill level 4 in Fighting
   555 | D:1      | Found a faded altar of an unknown god.
   724 | D:2      | Reached XP level 3. HP: 33/33 MP: 2/2
   807 | D:2      | Reached ** piety under Trog
  1603 | D:3      | Reached XP level 4. HP: 40/41 MP: 3/3
  1718 | D:3      | Reached skill level 5 in Fighting
  2113 | D:4      | Reached XP level 5. HP: 48/48 MP: 4/4
  2164 | D:4      | Found Hejiulir's Armour Shop.
  2219 | D:4      | Found a glowing drain.
  2235 | D:4      | Slain by an orc wizard

Illustrated notes

Levels and vault maps discovered:
D:1:      beargit_arrival_diablo_church, layout_basic, serial_shops, shop,
          basic_ecumenical_altar
D:2:      layout_basic, serial_aquarium, aquarium_bridge_long_joined
          [aquarium_subvault_bridge, aquarium_subvault_window,
          aquarium_subvault_wall, aquarium_subvault_wall,
          aquarium_subvault_wall, aquarium_subvault_wall],
          aquarium_window_corner, aquarium_window_2, aquarium_window_corner,
          aquarium_window_2, aquarium_view_2d, aquarium_view_4
D:3:      layout_basic, chequers_serial_rivers_micro_a
D:4:      layout_loops_cross, lightli_temple_of_fire,
          cheibrodos_sewer_entry_drain, serial_shops,
          nicolae_shop_hallway_stairs, nicolae_shop_fire_sale
          [nicolae_sub_dead_trees], sigmund_army, uniq_crazy_yiuf_cottage,
          uniq_pikel

Skill      XL: |  1  2  3  4 |
---------------+-------------+-----
Fighting       | 4 5 |  5.5
Axes           | 4 |  4.6
Armour         | 3 |  3.7
Dodging        | 3 |  3.4

Action                     |  1- 3 |  4- 6 || total
---------------------------+-------+-------++-------
  Melee: Hand axe          |    87 |    52 ||   139
         Headbutt          |    10 |     6 ||    16
    Use: Scroll            |       |     1 ||     1
 Armour: Animal skin       |    59 |    48 ||   107
  Dodge: Dodged            |    51 |    49 ||   100

Table legend: (Time is in decaauts)
 A = Elapsed time spent in this place.
 B = Non-inter-level travel time spent in this place.
 C = Inter-level travel time spent in this place.
 D = Time resting spent in this place.
 E = Time spent auto-exploring this place.
 F = Levels seen in this place.
 G = Mean time per level.
                   A        B        C        D        E       F      G
               +--------+--------+--------+--------+--------+-----+--------+
         Total |   2269 |   2181 |     88 |      2 |   1745 |   4 |  567.2 |
       Dungeon |   2269 |   2181 |     88 |      2 |   1745 |   4 |  567.2 |
               +--------+--------+--------+--------+--------+-----+--------+

Top non-repeatable levels by time:
     D:2: 892 daAuts
     D:1: 661 daAuts
     D:3: 562 daAuts
     D:4: 152 daAuts
